 Dungeon Crawl Stone Soup version 0.25-a0-513-ge77a69270c (webtiles) character file.

Game seed: 15667922917256953171, levelgen mode: deterministic

3561 Kohma the Blocker (level 9, -1/74 HPs)
             Began as a Green Draconian Ice Elementalist on Feb 16, 2020.
             Was a Follower of Kikubaaqudgha.
             Slain by Erica
             ... wielding a +4 scimitar of flaming
              (7 damage)
             ... on level 8 of the Dungeon.
             The game lasted 00:27:58 (7590 turns).

Kohma the Blocker (DrIE)                            Turns: 7590, Time: 00:27:59

Health: -1/74      AC:  7    Str: 11    XL:     9   Next: 83%
Magic:  11/15      EV: 12    Int: 25    God:    Kikubaaqudgha [*.....]
Gold:   469        SH:  0    Dex: 11    Spells: 1/16 levels left

rFire    . . .     SeeInvis .   D - +2 whip (elec)
rCold    . . .     Gourm    .   (no shield)
rNeg     . . .     Faith    .   (armour unavailable)
rPois    +         Spirit   .   (helmet restricted)
rElec    .         Reflect  .   (no cloak)
rCorr    .         Harm     .   (no gloves)
MR       .....                  (no boots)
Stlth    ++........             n - amulet of regeneration
HPRegen  0.62/turn              y - +6 ring of intelligence
MPRegen  0.14/turn              (no ring)

@: frozen ramparts
A: breathe noxious fumes, unfitting armour, poison resistance, cold-blooded, AC
+7
a: Breathe Noxious Fumes, Receive Corpses, Renounce Religion


You were on level 8 of the Dungeon.
You worshipped Kikubaaqudgha.
Kikubaaqudgha was aware of your devotion.
You were not hungry.

You visited 2 branches of the dungeon, and saw 9 of its levels.

You collected 469 gold pieces.

Inventory:

Hand Weapons
 u - a +1 dagger of flaming
 x - a +1 quarterstaff of draining
 D - a +2 whip of electrocution (weapon)
Missiles
 c - a throwing net
 h - 8 javelins (quivered)
Armour
 m - a +3 kite shield
Magical Staves
 v - an uncursed staff of power
Jewellery
 n - an amulet of regeneration (around neck)
 y - a +6 ring of intelligence (left hand)
Wands
 i - a wand of paralysis (11)
 q - a wand of random effects (15)
 t - a wand of digging (2)
 w - a wand of flame (28)
 z - a wand of clouds (3)
Scrolls
 d - 3 scrolls of teleportation
 g - 4 scrolls of remove curse
 j - a scroll of identify
Potions
 a - 3 potions of might
 e - 2 potions of haste
 k - a potion of berserk rage
 o - 2 potions of brilliance
 p - 6 potions of curing
 A - 2 potions of flight
 C - a potion of heal wounds
Comestibles
 b - 13 rations
 f - a chunk of flesh


   Skills:
 - Level 5.0 Fighting
 - Level 1.0 Maces & Flails
 - Level 1.7 Dodging
 - Level 1.7 Stealth
 * Level 9.0 Shields
 + Level 4.0 Spellcasting
 - Level 1.0 Charms
 - Level 3.0 Summonings
 + Level 3.6 Necromancy
 - Level 2.0 Transmutations
 - Level 7.0 Ice Magic
 - Level 4.1 Poison Magic


You had one spell level left.
You knew the following spells:

 Your Spells              Type           Power        Failure   Level  Hunger
a - Freeze                Ice            ####         1%          1    None
b - Frozen Ramparts       Ice            #####.       1%          3    ##.....
c - Summon Ice Beast      Ice/Summ       ####....     12%         4    ####...
d - Spider Form           Tmut/Pois      ###.......   8%          3    ##.....
e - Ozocubu's Armour      Chrm/Ice       ####....     5%          3    ##.....
f - Animate Skeleton      Necr           N/A          1%          1    None

Your spell library contained the following spells:

 Spells                   Type           Power        Failure   Level  Hunger
 Pain                     Necr           ###.         1%          1    None
 Beastly Appendage        Tmut           ###...       4%          1    None
 Sublimation of Blood     Necr           ###.......   3%          2    None
 Sticks to Snakes         Tmut           ###.....     6%          2    None
 Vampiric Draining        Necr           ###.......   6%          3    ##.....
 Corpse Rot               Necr/Air       N/A          7%          2    None
 Ice Form                 Ice/Tmut       ####....     14%         4    ####...
 Animate Dead             Necr           N/A          21%         4    ####...
 Hailstorm                Conj/Ice       ###.....     22%         4    ####...
 Agony                    Necr           ###.....     50%         5    #####..
 Blade Hands              Tmut           ###.......   73%         5    #####..


Dungeon Overview and Level Annotations

Branches:
Dungeon (8/15)             Temple (1/1) D:5            Lair (0/6) D:8

Altars:
Ashenzari
Cheibriados
Dithmenos
Elyvilon
Fedhas
Gozag
Hepliaklqana
Kikubaaqudgha
Makhleb
Nemelex Xobeh
Okawaru
Qazlal
Ru
Sif Muna
Trog
Uskayaw
Vehumet
Wu Jian
Xom
Yredelemnul
Zin
The Shining One

Annotations:
D:8 Erica


Innate Abilities, Weirdness & Mutations

You can breathe blasts of noxious fumes.
Your lurid green scales are hard. (AC +7)
You cannot fit into any form of body armour.
Your system is resistant to poisons. (rPois)
You are cold-blooded and may be slowed by cold attacks.


Message History

The frozen ramparts melt away.
Erica gestures at you while chanting. The lance of force hits you!!
You are knocked back by the lance of force.
You slam into the rock wall!
* * * LOW HITPOINT WARNING * * *
Casting: Frozen Ramparts (safe; 1% risk of failure)
Confirm with . or Enter, or press ? or * to list all spells.
The walls around you are covered in icicles.
The walls release a blast of icicles at Erica!
Erica partially resists.
Erica is encased in ice.
Erica screams, "You'll never get it!"
Erica hits you but does no damage.
The walls release a blast of icicles at Erica!
Erica partially resists.
Erica is encased in ice.
Erica hits you with a +4 scimitar of flaming!
* * * LOW HITPOINT WARNING * * *
Erica burns you!
You die...
Kikubaaqudgha rasps: "You have failed me!
Welcome... death!"

***** ###
******...#######@##
,,,,,,).........#@#
,*****...#######.##
,* ***** #.# ,* #.#
** #.# ########.#
#.....##.#
#<###.##.####


You could see Erica.

Vanquished Creatures
  2 hippogriffs
  A porcupine (D:8)
  An ice beast (D:5)
  3 sky beasts
  A black bear (D:7)
  3 centaurs (D:8)
  An ogre (D:7)
  A phantom (D:7)
  2 crocodiles
  A big kobold (D:8)
  3 bullfrogs
  2 scorpions
  3 wights (D:7)
  A howler monkey (D:8)
  4 crimson imps
  3 hounds
  2 bullfrog skeletons (D:5)
  4 orc priests
  Terence (D:2)
  An iguana (D:6)
  9 orc wizards
  Natasha (D:2)
  3 worker ants
  A worker ant zombie (D:8)
  7 gnolls (D:6)
  13 adders
  2 oozes
  An adder zombie (D:5)
  An adder skeleton (D:4)
  7 worms
  3 dart slugs
  6 leopard geckos
  35 orcs
  A ball python (D:3)
  8 bats
  3 giant cockroaches
  8 goblins
  6 hobgoblins
  7 kobolds
  2 quokkas
  7 frilled lizards
  3 jackal zombies
  A quokka skeleton (D:4)
  10 rats
185 creatures vanquished.

Vanquished Creatures (collateral kills)
  Harold (D:8)
  A bullfrog (D:7)
2 creatures vanquished.

Vanquished Creatures (others)
  41 fungi (D:8)
  19 plants (D:8)
60 creatures vanquished.

Grand Total: 247 creatures vanquished

Notes
Turn   | Place    | Note
-------+----------+-------------------------------------------
     0 | D:1      | Kohma the Draconian Ice Elementalist began the quest for
                  | the Orb.
     0 | D:1      | Reached XP level 1. HP: 14/14 MP: 3/3
   221 | D:1      | Reached XP level 2. HP: 19/20 MP: 0/5
  1103 | D:2      | Reached XP level 3. HP: 24/26 MP: 2/6
  1283 | D:2      | Learned a level 3 spell: Frozen Ramparts
  1501 | D:2      | Found an opulent altar of Gozag.
  1556 | D:2      | Noticed Natasha
  1563 | D:2      | Killed Natasha
  1563 | D:2      | Reached skill level 5 in Ice Magic
  1563 | D:2      | Reached XP level 4. HP: 26/33 MP: 1/8
  1609 | D:2      | Reached skill level 1 in Maces & Flails
  1782 | D:2      | Noticed Terence
  1803 | D:2      | Killed Terence
  2099 | D:3      | Reached XP level 5. HP: 38/38 MP: 1/9
  2220 | D:3      | Found a shimmering altar of Xom.
  2239 | D:3      | Found a white marble altar of Elyvilon.
  2262 | D:3      | Reached skill level 1 in Shields
  2339 | D:3      | Reached XP level 6. HP: 41/45 MP: 5/11
  3124 | D:4      | Reached skill level 2 in Shields
  3412 | D:4      | Your scales start taking on a lurid green colour.
  3412 | D:4      | Reached XP level 7. HP: 51/51 MP: 9/13
  3412 | D:4      | Gained mutation: Your system is resistant to poisons.
                  | (rPois) [Green Draconian growth]
  3467 | D:4      | Learned a level 4 spell: Summon Ice Beast
  3471 | D:4      | Learned a level 3 spell: Spider Form
  3726 | D:4      | Found a shattered altar of Ashenzari.
  4041 | D:5      | Entered Level 5 of the Dungeon
  4295 | D:5      | Found a staircase to the Ecumenical Temple.
  4308 | Temple   | Entered the Ecumenical Temple
  4554 | D:5      | Reached skill level 1 in Fighting
  4559 | D:5      | Learned a level 3 spell: Ozocubu's Armour
  4725 | D:5      | Reached skill level 3 in Shields
  4725 | D:5      | Reached skill level 1 in Summonings
  4725 | D:5      | Reached skill level 1 in Poison Magic
  4852 | D:5      | Reached skill level 1 in Transmutations
  4944 | D:5      | Reached skill level 1 in Charms
  5000 | D:5      | Reached XP level 8. HP: 61/61 MP: 0/14
  5515 | D:6      | Reached skill level 4 in Shields
  6111 | D:7      | Reached skill level 5 in Shields
  6291 | D:8      | Found a radiant altar of Vehumet.
  6292 | D:8      | Found an ancient bone altar of Kikubaaqudgha.
  6296 | D:8      | Became a worshipper of Kikubaaqudgha
  6312 | D:8      | Learned a level 1 spell: Animate Skeleton
  6336 | D:8      | Noticed a hippogriff
  6345 | D:8      | Killed a hippogriff
  6345 | D:8      | Reached skill level 6 in Shields
  6345 | D:8      | Reached XP level 9. HP: 65/71 MP: 11/15
  6597 | D:7      | Reached skill level 7 in Shields
  6748 | D:7      | Reached skill level 5 in Fighting
  6771 | D:7      | Reached skill level 1 in Necromancy
  7383 | D:8      | Noticed Harold
  7398 | D:8      | Killed Harold
  7398 | D:8      | Reached skill level 8 in Shields
  7551 | D:8      | Reached skill level 9 in Shields
  7553 | D:8      | Reached * piety under Kikubaaqudgha
  7553 | D:8      | Identified Kikubaaqudgha's Almanac of Unholy Magic
                  | (Kikubaaqudgha gifted it to you on level 8 of the Dungeon)
  7553 | D:8      | Received a gift from Kikubaaqudgha
  7563 | D:8      | Noticed Erica
  7590 | D:8      | Slain by Erica

Levels and vault maps discovered:
D:1:      lightli_arrival_chessboard, layout_basic
D:2:      layout_loops_ring, grunt_gozag_statues, serial_bayou_pond_a,
          minmay_large_rounded_square, minmay_close_crescents, uniq_terence,
          uniq_natasha
D:3:      layout_basic, lemuel_round_altar, xom_butterflies, first_ration
D:4:      layout_basic, ashenzari_conservatory_becter
D:5:      layout_basic, minmay_temple_entry_poolview, serial_rivers,
          chequers_serial_rivers_large_a, chequers_serial_rivers_large_b,
          chequers_serial_rivers_small_3, chequers_serial_rivers_marsh,
          chequers_serial_rivers_small_b
D:6:      layout_cave_pools
D:7:      layout_basic, grunt_ogre_cave
D:8:      layout_loops_ring, minitemple, due_lair_maze_entry_diamond,
          basic_altar, uniq_erica, uniq_harold, uniq_grum, uniq_pikel
Temple:   lightli_temple_of_artemis

Skill      XL: |  1  2  3  4  5  6  7  8  9 |
---------------+----------------------------+-----
Ice Magic      | 5 6 7 |  7.0
Maces & Flails | 1 |  1.0
Spellcasting   | 3 4 |  4.0
Shields        | 1 2 3 6 9 |  9.0
Fighting       | 2 4 5 |  5.0
Summonings     | 1 3 |  3.0
Poison Magic   | 2 4 |  4.1
Transmutations | 1 2 |  2.0
Charms         | 1 |  1.0
Necromancy     | 3 |  3.6
Dodging        | |  1.7
Stealth        | |  1.7

Action                   |  1- 3 |  4- 6 |  7- 9 || total
-------------------------+-------+-------+-------++-------
Melee: Unarmed           |    13 |       |       ||    13
       Short sword       |    17 |       |       ||    17
       Tailslap          |     2 |     8 |    18 ||    28
       Whip              |    21 |    86 |   231 ||   338
 Cast: Freeze            |    40 |    21 |    24 ||    85
       Frozen Ramparts   |     1 |    26 |    40 ||    67
       Ozocubu's Armour  |       |       |     4 ||     4
       Animate Skeleton  |       |       |     6 ||     6
       Summon Ice Beast  |       |       |     2 ||     2
  Use: Scroll            |       |    11 |    13 ||    24
       Potion            |       |       |     1 ||     1
 Stab: Sleeping          |     3 |     1 |       ||     4
       Distracted        |       |       |     1 ||     1
  Eat: Chunk             |     2 |     9 |    13 ||    24
       Ration            |       |       |     1 ||     1
Armor: Skin              |    29 |    37 |    77 ||   143
Dodge: Dodged            |    53 |    63 |   180 ||   296

Table legend:
 A = Non-vault XP
 B = Vault XP
 C = Vault XP percentage of total XP
 D = Non-vault monster count
 E = Vault monster count
 F = Vault count percentage of total count
                 A         B        C        D         E       F
            +---------+---------+-------+---------+---------+-------
      Total |    4049 |    1039 |  20.4 |     177 |      10 |   5.3
            +---------+---------+-------+---------+---------+-------
        D:1 |      38 |       0 |   0.0 |      19 |       0 |   0.0
        D:2 |      49 |      90 |  64.7 |      15 |       6 |  28.6
        D:3 |     382 |       0 |   0.0 |      43 |       0 |   0.0
        D:4 |     192 |       0 |   0.0 |      15 |       0 |   0.0
        D:5 |     761 |       0 |   0.0 |      26 |       0 |   0.0
        D:6 |     448 |       0 |   0.0 |      18 |       0 |   0.0
        D:7 |    1334 |     111 |   7.7 |      27 |       1 |   3.6
        D:8 |     845 |     838 |  49.8 |      14 |       3 |  17.6
            +---------+---------+-------+---------+---------+-------
